 Dungeon Crawl Stone Soup version 0.23.2-40-g277498a001 (webtiles) character file.

Game seed: 4821986685528077996

370 MisterOstroum the Conjurer (level 6, 0/37 HPs)
             Began as a Deep Elf Conjurer on Aug 28, 2019.
             Shot with an arrow by a centaur (12 damage)
             ... on level 4 of the Dungeon.
             The game lasted 00:05:59 (4154 turns).

MisterOstroum the Conjurer (Deep Elf Conjurer)      Turns: 4154, Time: 00:06:00

Health: 0/37       AC:  2    Str:  5    XL:     6   Next: 42%
Magic:  0/12       EV: 13    Int: 22    God:
Gold:   252        SH:  0    Dex: 15    Spells: 4/11 levels left

rFire    . . .     SeeInvis .   t - +0 spear
rCold    . . .     Gourm    .   (no shield)
rNeg     . . .     Faith    .   a - +0 robe
rPois    .         Spirit   +   (no helmet)
rElec    .         Reflect  .   (no cloak)
rCorr    .         Harm     .   (no gloves)
MR       .....                  (no boots)
Stlth    ++........             u - amulet of guardian spirit
HPRegen  0.12/turn              (no ring)
MPRegen  0.13/turn              (no ring)

@: no status effects
A: no striking features
a: no special abilities


You were on level 4 of the Dungeon.
You were not hungry.

You visited 1 branch of the dungeon, and saw 4 of its levels.

You collected 252 gold pieces.

Inventory:

Hand Weapons
 d - a +0 club
 g - a +0 dagger
 t - a +0 spear (weapon)
Missiles
 f - 175 stones (quivered)
Armour
 a - a +0 robe (worn)
Jewellery
 u - an amulet of guardian spirit (around neck)
Wands
 w - a wand of polymorph (7)
Scrolls
 b - a scroll of noise {unknown}
 h - 4 scrolls of fog {unknown}
 j - 2 scrolls of fear {unknown}
 l - a scroll of random uselessness {unknown}
 m - 3 scrolls of teleportation {unknown}
 p - 4 scrolls of identify {unknown}
 q - a scroll of immolation {unknown}
 s - a scroll of remove curse {unknown}
 v - a scroll of blinking {unknown}
Potions
 c - 3 potions of curing {@q1 !q}
 i - 3 potions of ambrosia {unknown}
 k - a potion of degeneration {unknown}
 n - a potion of flight {unknown}
 r - a potion of haste {unknown}
Comestibles
 e - 5 rations


   Skills:
 + Level 3.1 Fighting
 - Level 2.4 Dodging
 - Level 2.4 Stealth
 - Level 3.0 Spellcasting
 - Level 7.2 Conjurations


You had 4 spell levels left.
You knew the following spells:

 Your Spells              Type           Power        Failure   Level  Hunger
a - Magic Dart            Conj           ####         1%          1    None
b - Searing Ray           Conj           #####.       1%          2    ##.....
c - Iskenderun's Mystic   Conj           #####...     6%          4    ####...

Your spell library contained the following spells:

 Spells                   Type           Power        Failure   Level  Hunger
 Dazzling Spray           Conj/Hex       ###...       9%          3    ###....
 Force Lance              Conj/Tloc      ###.....     28%         4    ####...
 Fulminant Prism          Conj/Hex       ###.......   28%         4    ####...


Dungeon Overview and Level Annotations

Branches:
Dungeon (4/15)
 Temple: D:4-7

Altars:


Message History

Confirm with . or Enter, or press ? or * to list all spells.
Aiming: Magic Dart (safe; 1% risk of failure)
Press: ? - help, Shift-Dir - straight line, f/p - giant cockroach
Aim: a giant cockroach (moderately wounded, clinging)
The magic dart hits the giant cockroach.
The giant cockroach is almost dead.
Casting: Magic Dart (safe; 1% risk of failure)
Confirm with . or Enter, or press ? or * to list all spells.
Aiming: Magic Dart (safe; 1% risk of failure)
Press: ? - help, Shift-Dir - straight line, f/p - giant cockroach
Aim: a giant cockroach (almost dead)
The magic dart hits the giant cockroach but does no damage.
The giant cockroach is almost dead.
Casting: Magic Dart (safe; 1% risk of failure)
Confirm with . or Enter, or press ? or * to list all spells.
Aiming: Magic Dart (safe; 1% risk of failure)
Press: ? - help, Shift-Dir - straight line, f/p - giant cockroach
Aim: a giant cockroach (almost dead)
The magic dart hits the giant cockroach.
You kill the giant cockroach!
Casting: Magic Dart (safe; 1% risk of failure)
Confirm with . or Enter, or press ? or * to list all spells.
You can't see any susceptible monsters within range! (Use Z to cast anyway.)
Casting: Magic Dart (safe; 1% risk of failure)
Confirm with . or Enter, or press ? or * to list all spells.
You can't see any susceptible monsters within range! (Use Z to cast anyway.)
You butcher the giant cockroach corpse.
o - 2 chunks of flesh
Found a spear.
You now have 238 gold pieces (gained 14).
Found 19 arrows.
v - a scroll labeled LITIF JICHOTIRCH A frilled lizard comes into view.
Found a stone staircase leading down.
A frilled lizard is nearby!
A frilled lizard is nearby!
A frilled lizard is nearby!
Casting: Magic Dart (safe; 1% risk of failure)
Confirm with . or Enter, or press ? or * to list all spells.
Aiming: Magic Dart (safe; 1% risk of failure)
Press: ? - help, Shift-Dir - straight line, f - frilled lizard
Aim: a frilled lizard (resting)
The magic dart hits the frilled lizard.
You kill the frilled lizard!
Casting: Magic Dart (safe; 1% risk of failure)
Confirm with . or Enter, or press ? or * to list all spells.
You can't see any susceptible monsters within range! (Use Z to cast anyway.)
Casting: Magic Dart (safe; 1% risk of failure)
Confirm with . or Enter, or press ? or * to list all spells.
You can't see any susceptible monsters within range! (Use Z to cast anyway.)
Casting: Magic Dart (safe; 1% risk of failure)
Confirm with . or Enter, or press ? or * to list all spells.
You can't see any susceptible monsters within range! (Use Z to cast anyway.) Eating one of 2 chunks of flesh.
You eat one of the 2 chunks of flesh.
This raw flesh tastes terrible.
Found an escape hatch in the ceiling.
m - 3 scrolls labeled DIOT ORUTY (gained 1)
There is an escape hatch in the ceiling here.
Found a glowing ring mail.
You see here a spear.
p - 4 scrolls labeled APASES LAPH (gained 1)
You now have 252 gold pieces (gained 14).
w - a wand of polymorph (7) All of the chunks of flesh in your inventory have rotted away.
Found a whip.
Casting: Magic Dart (safe; 1% risk of failure)
Confirm with . or Enter, or press ? or * to list all spells.
You can't see any susceptible monsters within range! (Use Z to cast anyway.)
Casting: Magic Dart (safe; 1% risk of failure)
Confirm with . or Enter, or press ? or * to list all spells.
You can't see any susceptible monsters within range! (Use Z to cast anyway.)
Casting: Magic Dart (safe; 1% risk of failure)
Confirm with . or Enter, or press ? or * to list all spells.
You can't see any susceptible monsters within range! (Use Z to cast anyway.)
You see here a whip.
Found a stone staircase leading up.
An ooze, a gnoll, a gnoll shaman and a centaur come into view.
The gnoll is wielding a +4 flail of holy wrath.
The ooze quivers.
The centaur shouts!
You hear a shout!
The gnoll shouts!
The gnoll shaman shouts!
A gnoll comes into view. It is wielding a +0 spear.
The centaur wields a +0 shortbow.
The centaur shoots an arrow.
The arrow hits you!
The gnoll moves out of view.
You see here an arrow.
There are monsters nearby!
There are monsters nearby!
You feel your power drawn to a protective spirit.
u - an amulet of guardian spirit (around neck)
The centaur shoots an arrow.
The arrow closely misses you.
You see here a whip.
The centaur shoots an arrow.
The arrow hits you!
The centaur shoots an arrow.
The arrow hits you!
* * * LOW HITPOINT WARNING * * *
You see here 2 arrows.
A worker ant comes into view.
The worker ant twitches its antennae in your direction.
Found a stone staircase leading down.
The centaur shoots an arrow.
The arrow hits you!
You die...

#.... #.# #...# #.##.
#.# #...# #.... ..#
###...#### ####. ###
#.........#
#.####.######.#..#.##.#
#.a....c.c(..#..#.#
.#####.###)........
#.###.#.#....##
#@##..........#
#.##.c#.........
#>##.g#.#####.##
#.......g..c.#
#.####..#.##.# ...#...
....# g.. .#..$# .....
......# ..<.


You could see a centaur.

Vanquished Creatures
  An ogre (D:3)
  A bullfrog skeleton (D:4)
  2 orc wizards
  Natasha (thrice) (D:2)
  A worker ant (D:4)
  A howler monkey skeleton (D:4)
  An ooze (D:4)
  2 worms (D:3)
  4 dart slugs
  4 leopard geckos
  6 orcs
  2 giant cockroaches
  7 goblins
  11 hobgoblins
  3 jackals (D:2)
  9 kobolds
  3 quokkas (D:3)
  3 bats (D:1)
  4 frilled lizards
  3 rats
71 creatures vanquished.

Notes
Turn   | Place    | Note
-------+----------+-------------------------------------------
     0 | D:1      | MisterOstroum the Deep Elf Conjurer began the quest for the
                  | Orb.
     0 | D:1      | Reached XP level 1. HP: 10/10 MP: 6/6
   271 | D:1      | Reached skill level 5 in Conjurations
   271 | D:1      | Reached XP level 2. HP: 15/15 MP: 0/8
  1016 | D:2      | Noticed Natasha
  1023 | D:1      | Learned a level 2 spell: Searing Ray
  1029 | D:2      | Killed Natasha
  1029 | D:2      | Reached XP level 3. HP: 12/19 MP: 0/9
  1328 | D:2      | Reached skill level 6 in Conjurations
  1529 | D:2      | Noticed Natasha
  1551 | D:2      | Killed Natasha
  1551 | D:2      | Reached XP level 4. HP: 20/24 MP: 5/10
  2131 | D:2      | Noticed Natasha
  2135 | D:2      | Killed Natasha
  2417 | D:3      | Reached skill level 7 in Conjurations
  2417 | D:3      | Reached XP level 5. HP: 28/28 MP: 3/11
  3020 | D:3      | Noticed an ogre
  3025 | D:3      | Killed an ogre
  3025 | D:3      | Reached XP level 6. HP: 35/35 MP: 6/12
  3090 | D:3      | Learned a level 4 spell: Iskenderun's Mystic Blast
  4154 | D:4      | Shot with an arrow by a centaur

Skill      XL: |  1  2  3  4  5  6 |
---------------+-------------------+-----
Conjurations   | 5 6 7 |  7.2
Fighting       | 2 3 |  3.1
Dodging        | |  2.4
Stealth        | |  2.4
Spellcasting   | |  3.0

Action                   |  1- 3 |  4- 6 || total
-------------------------+-------+-------++-------
Melee: Spear             |       |     4 ||     4
Throw: Stone             |       |     4 ||     4
 Cast: Magic Dart        |    55 |    94 ||   149
       Searing Ray       |     3 |     6 ||     9
  Eat: Chunk             |     2 |     8 ||    10
Armor: Robe              |     2 |     4 ||     6
Dodge: Dodged            |     3 |    21 ||    24
